[Event "Titled Tuesday Blitz July 18 Early 2023"]
[White "Delorme, Axel"]
[Black "Mishra, Manoj"]
[WhiteFideId "632023"]
[BlackFideId "5006007"]
[WhiteElo "2446"]
[BlackElo "2170"]
[Result "0-1"]
[Round "2"]
[TimeControl "180+2"]
[Date "2023.07.18"]
[WhiteClock "0:00:00"]
[BlackClock "0:00:02"]
[Board "192"]

1. e4 Nf6 2. e5 Nd5 3. d4 d6 4. c4 Nb6 5. exd6 cxd6 6. Be2 g6 7. h3 Bg7 8. Nf3 O-O 9. Nc3 Bf5 10. O-O Nc6 11. d5 Nb4 12. Bg5 h6 13. Bh4 g5 14. Bg3 Rc8 15. a3 Na6 16. Nd4 Bg6 17. b3 Nc5 18. f4 Nxb3 19. Nxb3 Bxc3 20. Rc1 Bb2 21. f5 Bxc1 22. Qxc1 Bh7 23. h4 f6 24. Nd4 Nxd5 25. Ne6 Qa5 26. hxg5 hxg5 27. Nxf8 Kxf8 28. Bf3 Qc3 29. Qb1 Ne3 30. Qxb7 Re8 31. Re1 Nxf5 32. Bf2 Qxc4 33. Qxa7 Qf7 34. Qb6 Qg7 35. Qb2 g4 36. Be4 g3 37. Bb6 Qg4 38. Kf1 Qf4+ 39. Bf3 Nh4 40. Qe2 Nxf3 41. Qxf3 Qxf3+ 42. gxf3 f5 43. a4 f4 44. a5 e5 45. Kg2 Bd3 46. Rd1 e4 47. fxe4 Bxe4+ 48. Kh3 Bf5+ 49. Kg2 Re2+ 50. Kg1 f3 51. Rf1 f2+ 52. Kg2 Re1 0-1


[Site "https://www.chess.com"]

[Event "Titled Tuesday Blitz July 18 Early 2023"]
[White "UgarteCesar"]
[Black "Sliwicki, Damian"]
[BlackFideId "1127128"]
[WhiteElo "2170"]
[BlackElo "2445"]
[Result "0-1"]
[Round "2"]
[TimeControl "180+2"]
[Date "2023.07.18"]
[WhiteClock "0:00:14"]
[BlackClock "0:00:17"]
[Board "193"]

1. d4 Nf6 2. Bg5 d5 3. Bxf6 exf6 4. g3 Bd6 5. e3 h5 6. h4 c6 7. Bg2 Qb6 8. b3 Bg4 9. Ne2 Bb4+ 10. c3 Bd6 11. O-O g5 12. Nd2 gxh4 13. gxh4 Rg8 14. Kh1 f5 15. f3 Qd8 16. Qe1 Bc7 17. fxg4 Qd6 18. Nf4 Rxg4 19. Bh3 Rg7 20. Bxf5 Nd7 21. Nf3 O-O-O 22. Ne5 Qf6 23. Bxd7+ Rxd7 24. Nxd7 Kxd7 25. Qf2 Qf5 26. Qh2 Qe4+ 27. Qg2 Rxg2 28. Nxg2 Qg4 29. Rxf7+ Kc8 30. Rf8+ Kd7 31. Rf7+ Kd8 32. Kg1 Qh3 33. Re1 Bh2+ 34. Kf1 Bg3 35. Re2 Qh1# 0-1


[Site "https://www.chess.com"]

[Event "Titled Tuesday Blitz July 18 Early 2023"]
[White "Arnold, Ken"]
[Black "Lisjak, Zlatko"]
[WhiteFideId "2056836"]
[BlackFideId "14502186"]
[WhiteElo "2444"]
[BlackElo "2164"]
[Result "1-0"]
[Round "2"]
[TimeControl "180+2"]
[Date "2023.07.18"]
[WhiteClock "0:00:33"]
[BlackClock "0:00:00"]
[Board "194"]

1. e4 d6 2. Nf3 c6 3. d4 Nf6 4. Nc3 Bg4 5. Bc4 e6 6. O-O d5 7. exd5 cxd5 8. Bb5+ Nc6 9. h3 Bxf3 10. Qxf3 a6 11. Bxc6+ bxc6 12. Be3 Bd6 13. Na4 Ne4 14. b3 O-O 15. c4 f5 16. Bf4 g5 17. Bxd6 Qxd6 18. cxd5 cxd5 19. Rfd1 Kh8 20. Rac1 g4 21. Qd3 gxh3 22. Qxh3 Rg8 23. Nc5 Rg7 24. Nxe4 dxe4 25. Rc5 Rag8 26. Re5 Rg4 27. g3 f4 28. Rxe4 Qd5 29. Rde1 Qg5 30. Kf1 fxg3 31. Rxg4 Qxg4 32. Qxg4 Rxg4 33. Rxe6 g2+ 34. Kg1 Rxd4 35. Kxg2 Rd2 36. Rxa6 Kg7 37. b4 Rb2 38. a3 Rb3 39. Ra5 Kf6 40. b5 Ke6 41. a4 Rb4 42. Ra6+ Ke5 43. b6 Kf4 44. a5 h5 45. Ra7 h4 46. b7 Kg4 47. a6 h3+ 48. Kh2 Rb2 49. Ra8 1-0


[Site "https://www.chess.com"]

[Event "Titled Tuesday Blitz July 18 Early 2023"]
[White "Palacio,Igor Da Paz"]
[Black "Szyszylo, Rafal"]
[WhiteFideId "2121140"]
[BlackFideId "1109626"]
[WhiteElo "2160"]
[BlackElo "2439"]
[Result "0-1"]
[Round "2"]
[TimeControl "180+2"]
[Date "2023.07.18"]
[WhiteClock "0:00:00"]
[BlackClock "0:00:22"]
[Board "195"]

1. e4 d6 2. d4 Nf6 3. Nd2 e5 4. Ngf3 Nc6 5. c3 g6 6. Be2 Bg7 7. O-O O-O 8. Re1 h6 9. Qc2 Nh5 10. dxe5 dxe5 11. Nc4 Qe7 12. b3 Re8 13. Ba3 Qf6 14. Ne3 Nf4 15. Bf1 Be6 16. Rad1 Rad8 17. Rxd8 Rxd8 18. Rd1 h5 19. Bc4 Bxc4 20. Nxc4 Re8 21. Ne3 Bf8 22. Bxf8 Kxf8 23. Nd5 Nxd5 24. Rxd5 Qf4 25. h3 Re7 26. Qd3 Qc1+ 27. Kh2 Kg7 28. g3 Qb2 29. Qd2 Qb1 30. Kg2 Qxe4 0-1


[Site "https://www.chess.com"]

[Event "Titled Tuesday Blitz July 18 Early 2023"]
[White "Hrescak, Ivana"]
[Black "Starosta, Martyna"]
[WhiteFideId "14613441"]
[BlackFideId "21818754"]
[WhiteElo "2137"]
[BlackElo "2433"]
[Result "0-1"]
[Round "2"]
[TimeControl "180+2"]
[Date "2023.07.18"]
[WhiteClock "0:00:10"]
[BlackClock "0:00:18"]
[Board "196"]

1. e4 d5 2. exd5 Qxd5 3. Nc3 Qa5 4. Bc4 Nf6 5. d4 c6 6. Qe2 Bf5 7. Nf3 e6 8. O-O Nbd7 9. h3 Bd6 10. Re1 O-O 11. Ne5 Rfe8 12. a3 Qc7 13. Bf4 Rad8 14. Rad1 Nd5 15. Bg3 Nxc3 16. bxc3 Nxe5 17. dxe5 Bxa3 18. Ra1 Bc5 19. Bf4 b5 20. Bd3 Bg6 21. h4 Qd7 22. Rad1 Qb7 23. h5 Bxd3 24. cxd3 Bf8 25. h6 g6 26. Bg5 Rd7 27. d4 c5 28. Rb1 cxd4 29. Rxb5 Qa6 30. cxd4 Rxd4 31. Reb1 Rd5 32. Qf1 Rxb5 33. Qxb5 Qxb5 34. Rxb5 Ra8 35. Ra5 Bb4 36. Ra6 Kf8 37. f4 Ke8 38. Bf6 Kd7 39. Ra4 Bc5+ 40. Kf1 a5 41. Ke2 Kc6 42. Kd3 Kb5 43. Ra1 Rd8+ 44. Kc2 Rc8 45. Rb1+ Bb4+ 46. Kb3 a4+ 47. Ka2 Rc2+ 48. Rb2 Rxb2+ 49. Kxb2 a3+ 50. Ka2 Kc4 51. Bg7 Kd3 52. g3 Ke4 53. Bf6 Kf3 54. Bh4 Be1 55. Kxa3 Bxg3 56. Bxg3 Kxg3 57. Kb4 Kxf4 58. Kc5 Kxe5 59. Kc4 g5 60. Kc5 g4 61. Kc6 g3 62. Kd7 g2 63. Ke7 g1=Q 64. Kxf7 Qg6+ 65. Kf8 Qxh6+ 0-1


[Site "https://www.chess.com"]

[Event "Titled Tuesday Blitz July 18 Early 2023"]
[White "Rosh Jain"]
[Black "Kiseljova, Marya"]
[WhiteFideId "25789465"]
[BlackFideId "4155009"]
[WhiteElo "2432"]
[BlackElo "2137"]
[Result "1-0"]
[Round "2"]
[TimeControl "180+2"]
[Date "2023.07.18"]
[WhiteClock "0:00:26"]
[BlackClock "0:00:18"]
[Board "197"]

1. e4 c5 2. Nc3 Nc6 3. f4 g6 4. Nf3 Bg7 5. a4 e6 6. e5 Nge7 7. Bb5 d6 8. Ne4 dxe5 9. fxe5 O-O 10. Nf6+ Kh8 11. d4 cxd4 12. Bg5 h6 13. h4 Nf5 14. Bd3 Qa5+ 15. Bd2 Qc5 16. Bf4 Qb4+ 17. Kf2 Qxb2 18. Bg5 Ne3 19. Qe2 Ng4+ 20. Nxg4 hxg5 21. hxg5+ Kg8 22. Nf6+ Bxf6 23. gxf6 Nb4 24. Qd2 Nxd3+ 25. Kg3 Nxe5 26. Qh6 Nxf3 27. Qg7# 1-0


[Site "https://www.chess.com"]

[Event "Titled Tuesday Blitz July 18 Early 2023"]
[White "Devaev, Alexander"]
[Black "Guevara Sanchez, Erick Marvin"]
[WhiteFideId "4169395"]
[BlackFideId "6700136"]
[WhiteElo "2431"]
[BlackElo "2134"]
[Result "1-0"]
[Round "2"]
[TimeControl "180+2"]
[Date "2023.07.18"]
[WhiteClock "0:00:03"]
[BlackClock "0:00:00"]
[Board "198"]

1. d4 Nf6 2. c4 e6 3. Nf3 Bb4+ 4. Bd2 Qe7 5. Qc2 O-O 6. g3 c5 7. Bg2 Nc6 8. dxc5 Bxc5 9. O-O d5 10. cxd5 exd5 11. e3 Be6 12. Nc3 Rac8 13. Rad1 Rfd8 14. Rfe1 a6 15. Qb1 b5 16. Ne2 Ne4 17. Nf4 Bf5 18. Nh4 Bg4 19. Nxd5 Rxd5 20. Bxe4 Bxd1 21. Bxd5 Bh5 22. Bc3 Qg5 23. Qf5 Qxf5 24. Nxf5 b4 25. Bxg7 Bg6 26. Bd4 Nxd4 27. exd4 Bf8 28. Ne7+ Bxe7 29. Rxe7 Rc2 30. f4 Kf8 31. Ra7 Rxb2 32. Rxa6 Rd2 33. f5 Bxf5 34. Rf6 Bg6 35. Rf4 Rd1+ 36. Kf2 Rd2+ 37. Kg1 Rd1+ 38. Kg2 Rd2+ 39. Kh3 Kg7 40. Bb3 Rd3 41. Kg2 Rd2+ 42. Rf2 Rxd4 43. h4 Rd8 44. Kh2 Ra8 45. Rf4 Ra3 46. Rxb4 Bb1 47. Rb7 Bxa2 48. Rxf7+ Kg6 49. Rc7 Rxb3 50. Kh3 Rb6 51. Rc3 Be6+ 52. g4 Rb4 53. h5+ Kg5 54. Rc5+ Kf4 55. Kh4 Bxg4 56. Rc7 Kf3 57. Rf7+ Bf5+ 58. Kg5 Rg4+ 59. Kh6 Rh4 60. Kg5 Rg4+ 61. Kh6 Ke4 62. Re7+ Kf4 63. Rf7 Rg3 64. Rf8 Rg5 65. Ra8 Rg4 66. Ra4+ Kg3 67. Ra5 Rf4 68. Ra3+ Kg4 69. Ra7 1-0


[Site "https://www.chess.com"]

[Event "Titled Tuesday Blitz July 18 Early 2023"]
[White "Ishowmoves57"]
[Black "Uzcategui Rodriguez, Alejandro"]
[BlackFideId "3903400"]
[WhiteElo "2124"]
[BlackElo "2431"]
[Result "0-1"]
[Round "2"]
[TimeControl "180+2"]
[Date "2023.07.18"]
[WhiteClock "0:00:03"]
[BlackClock "0:00:09"]
[Board "199"]

1. e4 d5 2. exd5 Nf6 3. Bb5+ Bd7 4. Bxd7+ Nbxd7 5. c4 g6 6. Nf3 Bg7 7. O-O O-O 8. Nc3 Nb6 9. b3 Ne4 10. Bb2 c6 11. dxc6 bxc6 12. d4 Nxc3 13. Bxc3 c5 14. Qd2 cxd4 15. Bxd4 e5 16. Bc3 Qc7 17. Qb2 Rfe8 18. Rfe1 f6 19. Rad1 Rab8 20. Qa1 Red8 21. Nd2 Re8 22. Ne4 f5 23. Ng5 h6 24. Nf3 e4 25. Bxg7 Qxg7 26. Qxg7+ Kxg7 27. Nd4 a6 28. Nc6 Rbc8 29. Rd6 Rc7 30. Nb4 a5 31. Rxb6 axb4 32. Rxb4 Rd7 33. a4 Rd2 34. a5 Ra2 35. Rb7+ Kf6 36. b4 e3 37. fxe3 f4 38. e4 Rd8 39. e5+ Kg5 40. Rb5 Rdd2 41. e6+ Kh4 42. g3+ Kg4 43. gxf4 Rg2+ 44. Kh1 Rxh2+ 45. Kg1 Rag2+ 46. Kf1 Kf3 47. Re3+ Kxe3 48. e7 Kf3 49. Rh5 Rxh5 50. e8=Q Rh1# 0-1


[Site "https://www.chess.com"]

[Event "Titled Tuesday Blitz July 18 Early 2023"]
[White "Johnson, Ben"]
[Black "Vivas Zamora, Fabian Ernesto"]
[WhiteFideId "2010917"]
[BlackFideId "3902480"]
[WhiteElo "2123"]
[BlackElo "2428"]
[Result "0-1"]
[Round "2"]
[TimeControl "180+2"]
[Date "2023.07.18"]
[WhiteClock "0:00:34"]
[BlackClock "0:00:36"]
[Board "200"]

1. Nf3 Nf6 2. c4 g6 3. b3 Bg7 4. Bb2 O-O 5. g3 Nc6 6. Bg2 d5 7. O-O d4 8. d3 e5 9. Nbd2 Re8 10. Ng5 a5 11. a3 Nd7 12. h4 h6 13. Ngf3 Nc5 14. Rb1 Bf5 15. Nh2 Qd7 16. Re1 e4 17. dxe4 Nxe4 18. Nxe4 Bxe4 19. Nf3 Bxb1 20. Qxb1 Rad8 21. Qd3 Ne7 22. b4 axb4 23. axb4 Qf5 24. Nxd4 Qxd3 25. exd3 Bxd4 26. Bc1 Nf5 27. Rxe8+ Rxe8 28. Bxb7 Re1+ 0-1


[Site "https://www.chess.com"]

[Event "Titled Tuesday Blitz July 18 Early 2023"]
[White "Goldin, Roman"]
[Black "Marin Masis, Jose Esteban"]
[WhiteFideId "2803860"]
[BlackFideId "6508146"]
[WhiteElo "2426"]
[BlackElo "2120"]
[Result "1-0"]
[Round "2"]
[TimeControl "180+2"]
[Date "2023.07.18"]
[WhiteClock "0:02:15"]
[BlackClock "0:01:45"]
[Board "201"]

1. e4 c5 2. Nf3 Nc6 3. c3 d5 4. exd5 Qxd5 5. d4 Bg4 6. Be2 cxd4 7. cxd4 e6 8. O-O Nf6 9. h3 Bh5 10. Nc3 Qd8 11. g4 Bg6 12. Ne5 Nxd4 13. Qa4+ Nc6 14. Bf3 Rc8 15. Nxc6 bxc6 16. Bxc6+ Nd7 17. Rd1 Rc7 18. Bf4 Rxc6 19. Qxc6 Be7 20. Nb5 1-0


[Site "https://www.chess.com"]

[Event "Titled Tuesday Blitz July 18 Early 2023"]
[White "campochess"]
[Black "Herman, Daniel"]
[BlackFideId "30935008"]
[WhiteElo "2119"]
[BlackElo "2421"]
[Result "0-1"]
[Round "2"]
[TimeControl "180+2"]
[Date "2023.07.18"]
[WhiteClock "0:00:27"]
[BlackClock "0:00:21"]
[Board "202"]

1. Nf3 g6 2. d4 Bg7 3. c3 d6 4. e4 Nf6 5. Nbd2 O-O 6. Be2 e5 7. O-O Nc6 8. Re1 Nh5 9. Bb5 exd4 10. Bxc6 bxc6 11. Nxd4 c5 12. Nc2 Bb7 13. Ne3 Nf4 14. Nef1 Nd3 15. Re3 Nxc1 16. Rxc1 Re8 17. Ng3 Rb8 18. f4 d5 19. e5 d4 20. Re2 Ba6 21. Rf2 Rxb2 22. Nde4 Rxf2 23. Kxf2 Qh4 24. Qf3 Rb8 25. Nxc5 Bc8 26. Kg1 Bg4 27. Qf2 dxc3 28. Nge4 Qxf2+ 29. Kxf2 Rb2+ 30. Kg3 Bf5 31. Rxc3 h5 32. h4 Rxa2 33. Ng5 Bf8 34. Nb7 Ra3 35. Rxa3 Bxa3 36. Nf3 c5 37. Kf2 c4 38. Nd4 c3 39. Na5 c2 40. Nab3 c1=Q 41. Nxc1 Bxc1 42. g3 a5 43. Ke2 a4 44. Kd1 Bb2 45. Nb5 a3 46. Nxa3 Bxa3 47. Ke2 Bc5 48. Kf3 Bg4+ 49. Kg2 Kf8 0-1


[Site "https://www.chess.com"]

[Event "Titled Tuesday Blitz July 18 Early 2023"]
[White "Federzoni, Enzo"]
[Black "Horokoskii"]
[WhiteFideId "2173301"]
[WhiteElo "2421"]
[BlackElo "2116"]
[Result "0-1"]
[Round "2"]
[TimeControl "180+2"]
[Date "2023.07.18"]
[WhiteClock "0:00:00"]
[BlackClock "0:00:04"]
[Board "203"]

1. d4 Nf6 2. Nc3 g6 3. e4 d6 4. g3 Nbd7 5. Bg2 c6 6. Nge2 b5 7. a3 Bg7 8. O-O O-O 9. h3 Bb7 10. Be3 a5 11. b4 axb4 12. axb4 Qc7 13. Qd3 Rfd8 14. f4 c5 15. Nxb5 Qc6 16. d5 Qb6 17. bxc5 Nxc5 18. Rxa8 Rxa8 19. c4 Qxb5 20. cxb5 Nxd3 21. Nd4 Nd7 22. Nc6 Kf8 23. Rd1 Ra1 24. Rxa1 Bxa1 25. Kf1 f5 26. exf5 gxf5 27. Bf3 Bc3 28. Ke2 Nb4 29. b6 Nf6 30. Nd8 Ba6+ 31. Kd1 Nfxd5 32. Bf2 Ke8 33. b7 Bxb7 34. Nxb7 Kf7 35. Na5 Nf6 36. Nc4 Nbd5 37. Kc2 Bb4 38. Kd3 Bc5 39. Bxc5 dxc5 40. Ne5+ Kg7 41. Nc6 Nc7 42. Nxe7 Ne6 43. Nxf5+ Kg6 44. Ne7+ Kf7 45. Nd5 Ne8 46. Kc4 N6g7 47. g4 Kg6 48. Kxc5 h5 49. Be4+ Kh6 50. Ne7 Ne6+ 51. Kc4 Nxf4 52. Nf5+ Kg5 53. gxh5 Nxh5 0-1


[Site "https://www.chess.com"]

[Event "Titled Tuesday Blitz July 18 Early 2023"]
[White "Winkels, Marcel"]
[Black "Buchenau, Frank"]
[WhiteFideId "1003887"]
[BlackFideId "4604350"]
[WhiteElo "2104"]
[BlackElo "2419"]
[Result "0-1"]
[Round "2"]
[TimeControl "180+2"]
[Date "2023.07.18"]
[WhiteClock "0:00:58"]
[BlackClock "0:02:20"]
[Board "204"]

1. e4 e6 2. d4 d5 3. e5 c5 4. c3 Qb6 5. Nf3 Bd7 6. Be2 cxd4 7. cxd4 Bb5 8. O-O Bxe2 9. Qxe2 Nc6 10. Be3 Nge7 11. Nc3 Nf5 12. Rfd1 Be7 13. g4 Nxe3 14. Qxe3 O-O 15. a3 Na5 16. b4 Nc4 17. Qe2 a5 18. Na4 Qb5 19. Nc3 Qd7 20. Rab1 Nxa3 21. Rb3 axb4 22. Na2 Qa4 23. Qb2 Nc4 0-1


[Site "https://www.chess.com"]

[Event "Titled Tuesday Blitz July 18 Early 2023"]
[White "Rom, Jasper"]
[Black "Sava, Christiansen-Danut-Eugen"]
[WhiteFideId "2023733"]
[BlackFideId "1210114"]
[WhiteElo "2418"]
[BlackElo "2101"]
[Result "1-0"]
[Round "2"]
[TimeControl "180+2"]
[Date "2023.07.18"]
[WhiteClock "0:00:28"]
[BlackClock "0:00:03"]
[Board "205"]

1. e4 e6 2. d4 d5 3. Bd3 dxe4 4. Bxe4 Nf6 5. Bf3 c5 6. Ne2 Nc6 7. Be3 cxd4 8. Nxd4 Nxd4 9. Qxd4 Qxd4 10. Bxd4 Bd6 11. Nc3 Bd7 12. O-O-O Ke7 13. Rhe1 Bc6 14. Ne4 Nxe4 15. Bxe4 Bxe4 16. Rxe4 Rac8 17. g3 f6 18. Kb1 e5 19. f4 a6 20. fxe5 Bxe5 21. Bxe5 fxe5 22. Rxe5+ Kf6 23. Rde1 Rc7 24. b3 Rd8 25. Re6+ Kf7 26. R1e2 Rd1+ 27. Kb2 Rcd7 28. R6e4 R1d2 29. Kc3 Rxe2 30. Rxe2 Rc7+ 31. Kd4 Rd7+ 32. Kc5 Kg6 33. Kb6 Kg5 34. h3 h5 35. c4 h4 36. g4 Kf4 37. Rc2 Kg3 38. Rc3+ Kg2 39. c5 g5 40. a4 Rf7 41. b4 Kf2 42. b5 axb5 43. axb5 Re7 44. c6 bxc6 45. bxc6 Re6 46. Kb7 Kg2 47. c7 Re7 48. Kb8 Rxc7 49. Kxc7 1-0


[Site "https://www.chess.com"]

[Event "Titled Tuesday Blitz July 18 Early 2023"]
[White "Phillips, Rene"]
[Black "Zacurdajev, Dmitry"]
[WhiteFideId "2056275"]
[BlackFideId "4196309"]
[WhiteElo "2045"]
[BlackElo "2416"]
[Result "1/2-1/2"]
[Round "2"]
[TimeControl "180+2"]
[Date "2023.07.18"]
[WhiteClock "0:00:25"]
[BlackClock "0:00:18"]
[Board "206"]

1. d4 d5 2. Bf4 Nf6 3. e3 e6 4. Nd2 Bd6 5. Bg3 O-O 6. Ngf3 b6 7. Ne5 c5 8. c3 Qc7 9. f4 Ba6 10. Bxa6 Nxa6 11. Bh4 Nd7 12. Qh5 f6 13. Nxd7 Qxd7 14. O-O f5 15. Nf3 cxd4 16. cxd4 Qf7 17. Qxf7+ Rxf7 18. Rac1 Rc7 19. Rxc7 Nxc7 20. Rc1 Ne8 21. Rc6 h6 22. Ne5 Bxe5 23. dxe5 Kf7 24. Be1 Rd8 25. Bc3 Rd7 26. b4 Rc7 27. Rxc7+ Nxc7 28. a4 b5 29. a5 a6 30. Bd4 g5 31. g3 Ne8 32. Kf2 Kg6 33. h3 h5 34. h4 gxh4 35. gxh4 Kf7 36. Bc5 Ng7 37. Bb6 Ke8 38. Bc5 Kd7 39. Bd4 Kc6 40. Bc5 Ne8 41. Bd6 Nc7 42. Bxc7 Kxc7 43. Ke2 Kc6 44. Kd3 Kb7 45. Kc3 Kc6 46. Kd4 Kd7 47. Kc5 Kc7 48. Kd4 Kc6 49. Kc3 Kc7 50. Kd4 Kc6 51. Kc3 Kc7 52. Kd4 1/2-1/2


[Site "https://www.chess.com"]

[Event "Titled Tuesday Blitz July 18 Early 2023"]
[White "luksona14"]
[Black "ilya2700"]
[WhiteElo "2416"]
[BlackElo "2043"]
[Result "0-1"]
[Round "2"]
[TimeControl "180+2"]
[Date "2023.07.18"]
[WhiteClock "0:01:15"]
[BlackClock "0:01:47"]
[Board "207"]

1. Nf3 Nf6 2. c4 e6 3. g3 d5 4. Bg2 Be7 5. O-O O-O 6. d4 Nbd7 7. Nc3 b6 8. Ne5 Bb7 9. Nxd7 Qxd7 10. b3 c5 11. cxd5 exd5 12. Bf4 Rac8 13. Rc1 cxd4 14. Qxd4 Bc5 15. Qd2 Bb4 16. Be5 Qe6 17. Bxf6 Qxf6 18. Nxd5 Bxd2 19. Nxf6+ gxf6 20. Rxc8 Bxc8 21. Rd1 Rd8 22. Kf1 Kf8 23. Be4 Bh3+ 24. Kg1 h6 25. Bf3 Ke7 26. g4 f5 27. gxf5 Bxf5 28. e4 Bg6 29. Kf1 Bf4 30. Re1 Bxh2 31. Kg2 Bf4 32. Re2 Rd2 33. Re1 Rxa2 34. Rd1 Rd2 35. Ra1 a5 36. b4 axb4 37. Ra7+ Kf6 38. Rb7 Be3 0-1


[Site "https://www.chess.com"]

[Event "Titled Tuesday Blitz July 18 Early 2023"]
[White "Manukian, Artak"]
[Black "ogpin"]
[WhiteFideId "13301373"]
[WhiteElo "2414"]
[BlackElo "2043"]
[Result "0-1"]
[Round "2"]
[TimeControl "180+2"]
[Date "2023.07.18"]
[WhiteClock "0:00:12"]
[BlackClock "0:00:14"]
[Board "208"]

1. e4 d6 2. d4 Nf6 3. f3 Nbd7 4. c4 c6 5. Nc3 g6 6. Bg5 Bg7 7. Qd2 h6 8. Be3 a6 9. a4 e5 10. dxe5 dxe5 11. Bd3 Nh5 12. Nge2 O-O 13. O-O Kh7 14. g4 Nhf6 15. Bc2 Qc7 16. Rfd1 Rd8 17. Qd6 Qxd6 18. Rxd6 Bf8 19. Rd2 b6 20. Bxb6 Nxb6 21. Rxd8 Be7 22. Rd3 Nxc4 23. b3 Bc5+ 24. Kh1 Ne3 25. Rc1 Be6 26. b4 Ba7 27. a5 Rb8 28. Rd6 Rxb4 29. Rxc6 Rb2 30. Rxa6 Bd4 31. Bd3 Bxg4 32. Nxd4 exd4 33. Rxf6 dxc3 34. fxg4 Rd2 35. Bf1 c2 36. Rc6 Rd1 37. R1xc2 Rxf1# 0-1


[Site "https://www.chess.com"]

[Event "Titled Tuesday Blitz July 18 Early 2023"]
[White "Slayyy_200"]
[Black "Krzywda, Andrzej"]
[BlackFideId "1114565"]
[WhiteElo "2037"]
[BlackElo "2414"]
[Result "0-1"]
[Round "2"]
[TimeControl "180+2"]
[Date "2023.07.18"]
[WhiteClock "0:00:09"]
[BlackClock "0:00:13"]
[Board "209"]

1. e4 c5 2. c3 Nf6 3. e5 Nd5 4. d4 cxd4 5. Nf3 d6 6. cxd4 e6 7. Bc4 Nc6 8. O-O Be7 9. Nc3 Nxc3 10. bxc3 dxe5 11. dxe5 Qa5 12. Qe2 O-O 13. Bd2 Rd8 14. Rad1 Bd7 15. Bd3 Be8 16. Qe4 g6 17. h4 Qd5 18. Bg5 Qxe4 19. Bxe4 Bxg5 20. hxg5 Kf8 21. Rfe1 Ke7 22. Bc2 Na5 23. Nd4 Rac8 24. Rd3 Rc5 25. f4 Rdc8 26. Ree3 Nc4 27. Rh3 Na3 28. Bb3 Nb5 29. Rxh7 Rxc3 30. Rxc3 Rxc3 31. Nxe6 Rxb3 32. axb3 Kxe6 33. Rh8 Bc6 34. Rd8 Nc3 35. Kf2 a5 36. g4 Ne4+ 37. Ke3 Nc5 38. Rc8 Nxb3 39. Rc7 a4 40. Kd3 a3 41. Kc3 Nc5 42. Rc8 Ne4+ 43. Kd4 Nf2 44. Rc7 Nxg4 45. Kd3 Nf2+ 46. Kc3 Nh3 47. Kb3 Nxf4 48. Kxa3 Nd3 49. Kb3 Nxe5 50. Kc3 Nf3 51. Kd3 Nxg5 52. Ke3 Ne4 53. Rc8 Nd6 54. Rh8 Nf5+ 55. Kf4 Kf6 56. Rd8 g5+ 57. Kg4 Nh6+ 58. Kh5 Nf5 59. Kg4 Ne3+ 60. Kg3 Kg6 61. Rd6+ f6 62. Kf2 Nf5 63. Rd1 g4 64. Kg1 Kg5 65. Kf2 Nh4 66. Kg3 f5 67. Kh2 Nf3+ 68. Kg2 Ne5+ 69. Kf2 Nc4 70. Kg3 f4+ 71. Kh2 g3+ 72. Kg1 Ne3 73. Rd8 Nf5 74. Rg8+ Kf6 75. Rf8+ Ke5 76. Re8+ Bxe8 0-1


[Site "https://www.chess.com"]

[Event "Titled Tuesday Blitz July 18 Early 2023"]
[White "Duarte, Leonardo"]
[Black "Feliz Dotel, Dewar Bienvenido"]
[WhiteFideId "110582"]
[BlackFideId "6402801"]
[WhiteElo "2414"]
[BlackElo "2036"]
[Result "0-1"]
[Round "2"]
[TimeControl "180+2"]
[Date "2023.07.18"]
[WhiteClock "0:00:00"]
[BlackClock "0:00:04"]
[Board "210"]

1. e4 e5 2. Nf3 Nc6 3. d4 exd4 4. Nxd4 Nf6 5. Nc3 Bb4 6. Nxc6 bxc6 7. Bd3 d5 8. exd5 cxd5 9. O-O O-O 10. Bg5 c6 11. Qf3 Be6 12. h3 Be7 13. Ne2 Nd7 14. Bxe7 Qxe7 15. Rfe1 Qb4 16. b3 Ne5 17. Bxh7+ Kxh7 18. Qh5+ Kg8 19. Qxe5 Rfe8 20. Qd4 Qa3 21. Nf4 Bf5 22. c4 dxc4 23. Qxc4 c5 24. Nd5 Be6 25. Rxe6 Rxe6 26. Nc7 Qb2 27. Rc1 Re4 28. Qc2 Qxc2 29. Rxc2 Rc8 30. Na6 Rce8 31. Nxc5 Re1+ 32. Kh2 R1e2 33. Rc4 Rxf2 34. a4 Ree2 35. Rg4 f5 36. Rg5 f4 37. Nd3 Rf1 38. Rg4 f3 0-1


[Site "https://www.chess.com"]

[Event "Titled Tuesday Blitz July 18 Early 2023"]
[White "vishwa_vijeta"]
[Black "Mika, Tomasz"]
[BlackFideId "1132970"]
[WhiteElo "2014"]
[BlackElo "2413"]
[Result "1-0"]
[Round "2"]
[TimeControl "180+2"]
[Date "2023.07.18"]
[WhiteClock "0:00:53"]
[BlackClock "0:00:22"]
[Board "211"]

1. e4 c6 2. d4 d5 3. Nd2 dxe4 4. Nxe4 Bf5 5. Ng3 Bg6 6. h4 h6 7. Nf3 Nd7 8. h5 Bh7 9. Bd3 Bxd3 10. Qxd3 Ngf6 11. Bd2 e6 12. O-O-O Be7 13. Kb1 O-O 14. Ne4 c5 15. g4 cxd4 16. g5 Nxe4 17. Qxe4 Nc5 18. Qg4 d3 19. Bc3 Bxg5 20. Rhg1 Qd5 21. Nxg5 dxc2+ 22. Kxc2 Qxg5 23. Qf3 1-0


[Site "https://www.chess.com"]

[Event "Titled Tuesday Blitz July 18 Early 2023"]
[White "Harriott, Tyrell"]
[Black "abelmat"]
[WhiteFideId "2086484"]
[WhiteElo "2412"]
[BlackElo "1962"]
[Result "1-0"]
[Round "2"]
[TimeControl "180+2"]
[Date "2023.07.18"]
[WhiteClock "0:01:28"]
[BlackClock "0:00:00"]
[Board "212"]

1. d4 d5 2. e3 Nf6 3. Bd3 e6 4. f4 Bd6 5. Nf3 Ne4 6. O-O O-O 7. c4 c6 8. Nc3 f5 9. c5 Bc7 10. Ne2 Nd7 11. b4 Ndf6 12. b5 Bd7 13. a4 Be8 14. Bd2 Bh5 15. Be1 Ng4 16. Qc1 Qe8 17. bxc6 bxc6 18. a5 Rb8 19. a6 Kh8 20. h3 Ngf6 21. Kh2 Rg8 22. Bh4 g5 23. Be1 g4 24. Ne5 gxh3 25. gxh3 Bxe2 26. Bxe2 Bxe5 27. fxe5 Nh5 28. Qc2 Nhg3 29. Rg1 Nxe2 30. Qxe2 Qf7 31. Bh4 1-0


[Site "https://www.chess.com"]

[Event "Titled Tuesday Blitz July 18 Early 2023"]
[White "Garsky, Vladyslav"]
[Black "Gamboa, Juan Pablo"]
[WhiteFideId "34100270"]
[BlackFideId "105180"]
[WhiteElo "2409"]
[BlackElo "1936"]
[Result "0-1"]
[Round "2"]
[TimeControl "180+2"]
[Date "2023.07.18"]
[WhiteClock "0:02:01"]
[BlackClock "0:01:20"]
[Board "213"]

1. e4 e6 2. d4 d5 3. e5 c5 4. c3 Qb6 5. Nf3 Bd7 6. Be2 Bb5 7. O-O Bxe2 8. Qxe2 c4 9. h4 Nc6 10. Nbd2 Na5 11. Ne1 Be7 12. g3 Nh6 13. Ng2 Nf5 14. Ne3 Nxe3 15. Qxe3 O-O 16. Nf3 f6 17. Re1 f5 18. Rb1 Rae8 19. Qe2 h6 20. h5 Kh7 21. Bf4 Rg8 22. Nh4 Bxh4 23. gxh4 g5 24. hxg6+ Rxg6+ 25. Kh2 Reg8 26. Rg1 Rxg1 27. Rxg1 Rxg1 28. Kxg1 Qd8 29. Qh5 Qg8+ 30. Kf1 Qg6 31. Qf3 Nc6 32. h5 Qg4 33. Qxg4 fxg4 34. Kg2 Ne7 35. Kg3 b5 36. Kxg4 a5 37. Bg3 b4 38. Bh4 Nc6 39. f4 a4 40. Be1 a3 41. bxa3 b3 42. f5 exf5+ 43. Kxf5 b2 0-1


[Site "https://www.chess.com"]

[Event "Titled Tuesday Blitz July 18 Early 2023"]
[White "ivana_999"]
[Black "Romero Ruscalleda, Josep"]
[BlackFideId "2231859"]
[WhiteElo "1914"]
[BlackElo "2408"]
[Result "1-0"]
[Round "2"]
[TimeControl "180+2"]
[Date "2023.07.18"]
[WhiteClock "0:00:10"]
[BlackClock "0:00:49"]
[Board "214"]

1. d4 g6 2. c4 Bg7 3. Nc3 d6 4. e4 e5 5. d5 Ne7 6. f3 O-O 7. Bd3 f5 8. Nge2 c6 9. h4 cxd5 10. cxd5 Nd7 11. h5 Nc5 12. hxg6 hxg6 13. Bh6 Bxh6 14. Rxh6 Kg7 15. Rh1 Qb6 16. Qd2 Qxb2 17. Qh6+ Kf7 18. Qh7+ Ke8 19. Bb5+ Bd7 20. Bxd7+ Nxd7 21. Rb1 Qc2 22. Rxb7 Rc8 23. Nb5 Qc5 24. Rh6 fxe4 25. Rxg6 exf3 26. Nxd6+ Kd8 27. Nf7+ Rxf7 28. Qxf7 fxe2 29. Rg8+ Nxg8 30. Qxd7# 1-0


[Site "https://www.chess.com"]